 Dungeon Sprint DCSS version 0.30.1-9-gdf580d7c3d (webtiles) character file.

Game seed: 4728682293402216871

96 Heoruswealwe the Poker (level 4, -3/45 HPs)
             Began as a Minotaur Fighter on Oct 4, 2023.
             Killed from afar by a white imp (9 damage)
             ... with a puff of frost
             ... in the Dungeon (Sprint IX: "|||||||||||||||||||||||||||||").
             The game lasted 00:00:51 (43 turns).

Heoruswealwe the Poker (Minotaur Fighter)             Turns: 43, Time: 00:00:52

Health: -3/45      AC:  7    Str: 22    XL:     4   Next: 41%
Magic:  3/3        EV:  9    Int:  5    God:
Gold:   0          SH:  4    Dex: 10    Spells: 3/3 levels left

rFire   . . .        a - +0 trident
rCold   . . .        d - +0 buckler
rNeg    . . .        c - +0 scale mail
rPois   .            (helmet restricted)
rElec   .            (no cloak)
rCorr   .            (no gloves)
SInv    .            (no boots)
Will    .....        (no amulet) Stlth
                     (no ring)
HPRegen 0.27/turn    (no ring)
MPRegen 0.08/turn

%: no teleportation
@: no status effects
A: horns 2, retaliatory headbutt
a: no special abilities


You were in the Dungeon.
You visited 1 branch

Inventory:

Hand Weapons
 a - a +0 trident (weapon)
Armour
 c - a +0 scale mail (worn)
 d - a +0 buckler (worn)
Scrolls
 j - a scroll of blinking
Potions
 b - a potion of might
 e - a potion of curing
 g - a potion of haste
 i - a potion of berserk rage


   Skills:
 + Level 6.3 Fighting
 * Level 7.8 Polearms
 + Level 6.3 Armour
 - Level 3.6 Shields


You had 3 spell levels left.
You didn't know any spells.
Your spell library was empty.

Dungeon Overview and Level Annotations

Branches:
Dungeon (1/1)

Altars:


Innate Abilities, Weirdness & Mutations

You have a pair of horns on your head.
You reflexively headbutt those who attack you in melee.


Message History

You barely miss the adder. You headbutt the adder!
The adder is almost dead.
The adder closely misses you. You block the adder's attack.
You puncture the adder!
You kill the adder!
You hit the ogre but do no damage.
The ogre hits you with a +0 giant spiked club!!
Ouch! That really hurt!
* * * LOW HITPOINT WARNING * * *
You feel much better.
You hit the ogre.
The ogre is lightly wounded.
You block the ogre's attack.
You hit the ogre.
The ogre is moderately wounded.
The ogre hits you with a +0 giant spiked club!!
Ouch! That really hurt!
You hit the ogre.
The ogre is moderately wounded.
The ogre hits you but does no damage.
You hit the ogre.
The ogre is heavily wounded.
You puncture the ogre! You headbutt the ogre.
You kill the ogre!
The white imp gestures at you. The puff of frost hits you.
* * * LOW HITPOINT WARNING * * *
Your Fighting skill gained 2 levels and is now at level 6!
Your Polearms skill gained 3 levels and is now at level 7!
Your Armour skill gained 2 levels and is now at level 6!
You have reached level 3!
Your experience leads to an increase in your attributes!
Increase (S)trength, (I)ntelligence, or (D)exterity?
You feel stronger. x2
You have reached level 4!
You feel agile.
The white imp shouts, "Out, out, thou peaked weevil-witted pigeon-egg!"
The white imp gestures at you. The puff of frost hits you!
You die...

▓+▓
▓.▓
▓.▓
▓.▓
▓S▓
▓5▓
▓@▓
▓.▓
▓.▓
▓.▓
▓.▓
▓.▓
▓)▓
▓.▓
▓!▓


You could see an adder and a white imp.

Vanquished Creatures
  An ogre (D)
  An adder (D)
  An orc (D)
  A ball python (D)
  A goblin (D)
  2 kobolds (D)
  A rat (D)
8 creatures vanquished.

Notes
Turn   | Place    | Note
-------+----------+-------------------------------------------
     0 | D        | Heoruswealwe the Minotaur Fighter began the quest for the
                  | Orb.
     0 | D        | Reached XP level 1. HP: 19/19 MP: 0/0
     8 | D        | Reached skill level 3 in Polearms
    24 | D        | Noticed an ogre
    33 | D        | Reached skill level 4 in Polearms
    33 | D        | Reached XP level 2. HP: 25/28 MP: 1/1
    42 | D        | Killed an ogre
    43 | D        | Reached skill level 7 in Polearms
    43 | D        | Reached XP level 3. HP: 5/38 MP: 2/2
    43 | D        | Reached XP level 4. HP: 6/45 MP: 3/3
    43 | D        | Killed from afar by a white imp

Illustrated notes

Levels and vault maps discovered:
D:        linesprint [early_d, line_temple, items_1, d_10, items_2, lair_1,
          lair_end, items_3, orc_1, orc_end, items_4, d_15, swamp_1, shoals_1,
          snake_1, spider_1, d_20, vaults_1, items_5, swamp_end, shoals_end,
          snake_end, spider_end, vaults_end, d_27, items_6, zot_1, zot_end,
          crypt_end, forest_end, elf_end, slime_end, tomb_end, abyss_end,
          pan_hell_end]

Skill      XL: |  1  2 |
---------------+-------+-----
Polearms       | 4 7 |  7.8
Fighting       | 4 6 |  6.3
Armour         | 4 6 |  6.3
Shields        | |  3.6

Action                     |  1- 3 |  4- 6 || total
---------------------------+-------+-------++-------
  Melee: Trident           |    28 |       ||    28
         Headbutt          |     4 |       ||     4
    Use: Potion            |     1 |       ||     1
 Armour: Scale mail        |     7 |       ||     7
  Dodge: Dodged            |    11 |       ||    11
  Block: Buckler           |     5 |       ||     5
